 Dungeon Crawl Stone Soup version 0.25.0-33-gff14898 (webtiles) character file.

Game seed: 4093142775349875080

57 Balder the Skirmisher (level 4, -3/40 HPs)
             Began as a Hill Orc Fighter on July 7, 2020.
             Slain by Natasha (5 damage)
             ... on level 2 of the Dungeon.
             The game lasted 00:05:47 (2154 turns).

Balder the Skirmisher (Hill Orc Fighter)            Turns: 2154, Time: 00:05:48

Health: -3/40      AC:  6    Str: 18    XL:     4   Next: 0%
Magic:  4/4        EV:  7    Int:  8    God:
Gold:   93         SH:  9    Dex: 11    Spells: 3/3 levels left

rFire    . . .     SeeInvis .   a - +0 war axe
rCold    . . .     Gourm    .   c - +0 kite shield
rNeg     . . .     Faith    .   b - +0 scale mail
rPois    .         Spirit   .   (no helmet)
rElec    .         Reflect  .   (no cloak)
rCorr    .         Harm     .   (no gloves)
MR       .....                  (no boots)
Stlth    ..........             (no amulet)
HPRegen  0.13/turn              (no ring)
MPRegen  0.09/turn              (no ring)

@: no status effects
A: no striking features
a: no special abilities


You were on level 2 of the Dungeon.
You were hungry.

You visited 1 branch of the dungeon, and saw 2 of its levels.

You collected 93 gold pieces.

Inventory:

Hand Weapons
 a - a +0 war axe (weapon)
Missiles
 f - 11 poisoned darts (quivered)
Armour
 b - a +0 scale mail (worn)
 c - a +0 kite shield (worn)
 e - a +0 helmet
Jewellery
 h - an uncursed ring of see invisible
 l - an uncursed ring of magical power {unknown}
Scrolls
 g - a scroll of remove curse {unknown}
 i - a scroll of random uselessness {unknown}
 j - 4 scrolls of identify {unknown}
 o - a scroll of noise {unknown}
Potions
 d - a potion of might
 k - a potion of curing {unknown}
 m - a potion of heal wounds


   Skills:
 * Level 4.1 Fighting
 * Level 3.9 Axes
 * Level 0.7 Throwing
 + Level 3.6 Armour
 * Level 0.6 Dodging
 * Level 3.5 Shields


You had 3 spell levels left.
You didn't know any spells.
Your spell library was empty.

Dungeon Overview and Level Annotations

Branches:
Dungeon (2/15)

Altars:

Annotations:
D:2 Natasha


Message History

Natasha is lightly wounded.
You block Natasha's attack.
You hit Natasha.
Natasha is heavily wounded.
Natasha claws you.
* * * LOW HITPOINT WARNING * * *
You miss Natasha.
Natasha is heavily wounded.
Natasha mumbles some strange words.
Natasha casts a spell at you. The magic dart hits you.
* * * LOW HITPOINT WARNING * * *
Your scale mail prevents you from hitting Natasha.
Natasha is heavily wounded.
Natasha claws you!
* * * LOW HITPOINT WARNING * * *
The shadow imp laughs crazily.
You closely miss Natasha.
Natasha is moderately wounded.
Natasha claws you.
You die...

##.## #.#...#.# #.#.#
#.......# ##.##
###...### ######.#####
#...#### ............#
#.......
..##..#.###.#####...####
#..#.###............. #.
#................. #.
#@.##............. .
#h.##.#####.......
.....5....# #...####
###.##### #...# #.#
#...# #<# #...# #.#
....# ..# ......


You could see Natasha and a shadow imp (summoned).

Vanquished Creatures
  2 adders (D:2)
  2 worms (D:2)
  A leopard gecko (D:1)
  4 bats
  2 giant cockroaches (D:1)
  6 goblins
  3 hobgoblins
  2 kobolds (D:1)
  A quokka (D:2)
  4 frilled lizards (D:1)
  6 rats
33 creatures vanquished.

Notes
Turn   | Place    | Note
-------+----------+-------------------------------------------
     0 | D:1      | Balder the Hill Orc Fighter began the quest for the Orb.
     0 | D:1      | Reached XP level 1. HP: 19/19 MP: 1/1
   248 | D:1      | Reached XP level 2. HP: 16/27 MP: 2/2
   674 | D:1      | Reached skill level 4 in Fighting
   722 | D:1      | Reached XP level 3. HP: 33/33 MP: 3/3
  2137 | D:2      | Noticed Natasha
  2143 | D:2      | Reached XP level 4. HP: 31/40 MP: 4/4
  2153 | D:2      | HP: 2/40 [Natasha (7)]
  2154 | D:2      | Slain by Natasha

Illustrated notes

Levels and vault maps discovered:
D:1:      dpeg_arrival_circle_labyrinth_c, layout_basic,
          chequers_serial_rivers_small_b, minmay_box_of_dots
D:2:      layout_loops_cross, kennysheep_cross_room, uniq_sigmund, uniq_natasha

Skill      XL: |  1  2 |
---------------+-------+-----
Axes           | 3 |  3.9
Fighting       | 4 |  4.1
Throwing       | |  0.7
Armour         | |  3.6
Dodging        | |  0.6
Shields        | |  3.5

Action                   |  1- 3 |  4- 6 || total
-------------------------+-------+-------++-------
Melee: War axe           |   115 |    11 ||   126
Throw: Dart              |     3 |       ||     3
  Use: Potion            |     1 |       ||     1
  Eat: Ration            |     1 |       ||     1
Armor: Scale mail        |    39 |     2 ||    41
Dodge: Dodged            |    37 |       ||    37
Block: Kite shield       |    51 |     4 ||    55
